AoeStats
← guerras90

Nomad

508923777Analyzed
2v2 RM · 7d ago on Sep 24, 2026· 56m 21s· 4 players
Game mode
Random Map
Map size
176×176
Population
200
Speed
Normal
Resources
Standard
Victory
Conquest
Starting age
Dark Age
Ending age
Imperial Age
RankedLock teamsTeams togetherTeam positionsShared explorationLock speedFull tech treeHidden civsTurbo modeCheats
Victory
Defeat
🇨🇳 Vikings · China
842
+14
🇪🇸 Malay · Spain
777
+17
🇪🇸 Malay · Spain
804
-16
🇩🇪 Varangians · Germany
791
-15
PROtektorKaiser
13:37 Feudal Age
14:39 Fishing Lines
15:08 Double-Bit Axe
17:15 Wheelbarrow
20:44 Loom
21:15 Forging
21:07 Scale Mail Armor
21:07 Padded Archer Armor
20:59 Fletching
24:14 Castle Age
23:39 Gold Mining
23:40 Stone Mining
24:00 Horse Collar
26:01 Bow Saw
26:32 Iron Casting
26:13 Chain Mail Armor
25:54 Bodkin Arrow
26:15 Leather Archer Armor
25:55 Gillnets
27:44 Squires
28:25 Heavy Plow
42:27 Imperial Age
40:14 Hand Cart
41:51 Hand Cart
46:43 Conscription
45:45 Gothikon
45:50 Elite Varangian Guard
52:29 Blast Furnace
52:23 Bracer
patatitoRTILLA
7:07 Loom
15:47 Feudal Age
15:44 Fishing Lines
16:13 Double-Bit Axe
18:08 Wheelbarrow
18:39 Wheelbarrow
24:08 Castle Age
21:54 Town Watch
24:04 Husbandry
23:25 Light Cavalry
25:19 Bow Saw
26:14 Gillnets
26:35 Medium Warships
25:55 Demolition Ship
26:55 Medium Warships
27:41 Hand Cart
27:26 Town Patrol
29:54 Scale Barding Armor
30:00 Forging
29:51 Stone Mining
29:51 Gold Mining
31:39 Fletching
31:49 Padded Archer Armor
guerras90
15:14 Feudal Age
14:41 Man-at-Arms
16:55 Double-Bit Axe
22:12 Castle Age
20:27 Gold Mining
20:19 Horse Collar
22:02 Forging
22:22 Long Swordsman
23:38 Fishing Lines
26:18 Squires
25:40 Pikeman
26:58 Stone Mining
28:04 Arson
28:45 Heavy Plow
29:58 Gold Shaft Mining
30:14 Loom
34:24 Thalassocracy
38:19 Imperial Age
39:45 Forced Levy
40:47 Treadmill Crane
41:46 Murder Holes
42:12 Ballistics
43:17 Iron Casting
42:35 Fletching
45:38 Elite Karambit Warrior
47:30 Wheelbarrow
47:36 Elite Karambit Warrior
49:48 Medium Warships
51:36 Conscription
50:48 Sappers
51:49 Hand Cart
52:06 Heavy Warships
52:06 Siphons
52:22 Shipwright
52:13 Clinker Construction
52:13 Careening
53:04 Chemistry
54:06 Gillnets
54:25 Bodkin Arrow
57:00 Bow Saw
57:23 Crop Rotation
好歌剧
4:44 Loom
14:01 Feudal Age
15:06 Double-Bit Axe
15:22 Fishing Lines
21:36 Castle Age
21:17 Man-at-Arms
22:11 Forging
22:25 Squires
22:30 Scale Mail Armor
22:46 Bow Saw
22:44 Gillnets
23:04 Long Swordsman
24:29 Iron Casting
24:41 Pikeman
26:52 Treadmill Crane
27:07 Horse Collar
28:21 Medium Warships
30:35 Chain Mail Armor
31:41 Gold Mining
31:41 Stone Mining
35:22 Arson
35:48 Elite Skirmisher
37:42 Gold Shaft Mining
36:56 Town Watch
37:58 Fletching
41:27 Imperial Age
38:57 Bodkin Arrow
39:04 Padded Archer Armor
40:16 Heavy Plow
42:27 Two-Handed Swordsman
43:50 Conscription
45:18 Two-Man Saw
44:51 Crop Rotation
45:31 Blast Furnace
45:10 Siege Engineers
45:47 Town Patrol
47:04 Plate Mail Armor
46:35 Bracer
46:52 Leather Archer Armor
46:52 Capped Ram
47:01 Elite Varangian Guard
48:09 Champion
50:34 Siege Ram
55:34 Bogsveigar
56:17 Ring Archer Armor
Connection lost

Rejoining the realm…

Still unreachable

The connection could not be restored.

Session expired

The server has moved on; the page needs a fresh start.